Map: Odyssey LE

Players

INnoVation - Winner!

  • Race: Terran Terran
  • Spawn Location: 5:00

herO

  • Race: Protoss Protoss
  • League: Master
  • Spawn Location: 11:00

VOD

Have the link to the VOD?

Description

Time

  • Played on: July 28, 2017, 10:58 p.m.
  • Length: 9:39
Show
View Real Time Build Order
Export as new Build Order

INnoVation Terran - Winner!

Build Orders: Cyclone Opening, Reaper Expand, MMM Bio 

Get SALT Encoding   

  12  0:00  SCV  
  13  0:12  SCV  
  14  0:16  Supply Depot  
  14  0:24  SCV  
  14  0:27  Refinery  
  15  0:38  SCV  
  16  0:44  Barracks  
  16  0:50  SCV  
  17  1:02  SCV  
  18  1:14  SCV  
  19  1:31  Orbital Command, Reaper  
  20  1:42  Command Center  
  20  1:52  Factory  
  20  1:56  SCV  
  21  2:05  Barracks Reactor, Refinery  
  21  2:08  SCV  
  21  2:14  Supply Depot  
  22  2:20  SCV  
  23  2:35  SCV  
  23  2:36  Cyclone  
  27  2:40  Marine  
  27  2:41  Marine  
  29  2:47  SCV  
  30  2:54  Orbital Command  
  30  2:55  Starport  
  30  2:59  Marine  
  30  3:00  Marine  
  32  3:13  Cyclone  
  32  3:18  SCV  
  32  3:19  Marine x2  
  38  3:26  SCV, Supply Depot  
  39  3:30  SCV  
  39  3:32  Medivac  
  41  3:36  Marine  
  41  3:37  Marine  
  43  3:41  SCV  
  43  3:42  SCV  
  43  3:47  Engineering Bay  
  45  3:49  Widow Mine  
  45  3:55  SCV x2  
  49  3:58  Supply Depot  
  49  4:02  Marine x2  
  49  4:09  SCV x2  
  53  4:17  Missile Turret  
  53  4:20  Viking  
  53  4:23  Supply Depot  
  55  4:25  Marine  
  55  4:26  Marine  
  57  4:32  SCV, Factory Tech Lab  
  57  4:33  SCV  
  59  4:45  Bunker  
  59  4:49  Marine x2  
  59  4:50  Siege Tank  
  64  4:54  SCV x2  
  64  4:55  Viking  
  66  5:03  Supply Depot  
  61  5:07  Marine x2, SCV x2  
  61  5:10  Barracks, Supply Depot  
  62  5:17  Barracks  
  62  5:23  SCV x2  
  62  5:24  Siege Tank  
  62  5:25  Marine x2  
  69  5:30  Missile Turret  
  69  5:32  Supply Depot  
  69  5:34  Starport Tech Lab  
  69  5:35  Terran Infantry Weapons Level 1  
  69  5:37  SCV x2  
  71  5:43  Marine x2  
  71  5:49  SCV x2, Refinery  
  73  5:50  Refinery  
  73  5:54  Supply Depot  
  73  6:01  SCV x2  
  73  6:02  Starport Reactor, Factory Reactor  
  75  6:04  Marine x2  
  75  6:05  Stimpack  
  75  6:09  Marine  
  78  6:15  Combat Shields  
  78  6:17  SCV x2  
  80  6:18  Barracks  
  80  6:19  Barracks  
  80  6:22  Marine x2  
  80  6:23  Marauder  
  78  6:31  Marauder  
  80  6:38  Supply Depot  
  80  6:39  Medivac x2  
  84  6:41  Widow Mine  
  84  6:42  Marine x2  
  84  6:43  Widow Mine  
  90  6:56  Command Center  
  90  6:59  Marauder x2  
  94  7:02  Marine x2  
  94  7:06  Barracks Tech Lab  
  94  7:08  Barracks Reactor  
  96  7:10  Widow Mine  
  96  7:12  Widow Mine  
  100  7:17  Medivac  
  100  7:19  Medivac  
  100  7:20  Supply Depot x2  
  100  7:22  Marauder  
  106  7:24  Marauder, Marine  
  106  7:25  Marine  
  110  7:34  Supply Depot  
  110  7:37  Missile Turret  
  110  7:41  Widow Mine x2, Concussive Shells  
  110  7:42  Marauder  
  116  7:44  Terran Infantry Armor Level 1  
  116  7:49  Marine x2  
  116  7:50  Marine x2  
  120  7:53  Marauder  
  120  7:54  Marauder  
  123  7:59  Supply Depot  
  123  8:07  Medivac  
  123  8:09  Widow Mine x2  
  123  8:11  Orbital Command  
  129  8:14  Medivac  
  129  8:17  Marine x3  
  129  8:18  Marine  
  135  8:29  Marauder  
  135  8:30  Marauder x2  
  141  8:34  Marine x2  
  141  8:35  Marine  
  141  8:36  Orbital Command, Marine  
  141  8:40  SCV x2  
  145  8:44  Medivac x2, Supply Depot  
  149  8:54  Widow Mine x2  
  153  8:58  Missile Turret  
  153  9:00  Marauder x3  
  157  9:04  Marine x2  
  157  9:05  Marine x2  
  159  9:10  Supply Depot x2  
  162  9:22  Missile Turret  
Show
View Real Time Build Order
Export as new Build Order

herO Protoss 

Build Orders: Oracle Opening, Phoenix Opening 

Get SALT Encoding   

  12  0:00  Probe (Chrono Boost)  
  13  0:11  Probe (Chrono Boost)  
  14  0:17  Pylon  
  14  0:22  Probe (Chrono Boost)  
  15  0:35  Probe (Chrono Boost)  
  16  0:36  Gateway  
  16  0:40  Assimilator  
  16  0:45  Probe (Chrono Boost)  
  17  0:51  Assimilator  
  17  0:56  Probe (Chrono Boost)  
  18  1:06  Probe (Chrono Boost)  
  19  1:17  Probe (Chrono Boost)  
  20  1:23  Cybernetics Core  
  20  1:28  Probe (Chrono Boost)  
  21  1:36  Pylon  
  21  1:38  Probe (Chrono Boost)  
  22  1:49  Probe (Chrono Boost)  
  23  1:59  Adept (Chrono Boost)  
  25  2:03  Stargate  
  25  2:15  Probe  
  26  2:18  Warp Gate  
  26  2:21  Nexus  
  26  2:27  Probe (Chrono Boost), Adept  
  29  2:35  Pylon  
  29  2:38  Probe (Chrono Boost)  
  30  2:48  Probe (Chrono Boost)  
  31  2:52  Oracle (Chrono Boost)  
  34  3:00  Probe  
  35  3:12  Probe  
  35  3:24  Probe, Phoenix (Chrono Boost)  
  38  3:29  Gateway  
  38  3:35  Gateway  
  38  3:36  Probe  
  38  3:37  Probe  
  40  3:46  Phoenix (Chrono Boost)  
  40  3:47  Probe  
  42  3:48  Probe  
  42  3:54  Pylon  
  44  3:58  Probe  
  44  4:00  Probe  
  46  4:07  Phoenix (Chrono Boost)  
  48  4:10  Probe  
  48  4:13  Probe  
  48  4:15  Assimilator  
  50  4:18  Pylon  
  50  4:20  Probe  
  51  4:25  Probe  
  52  4:32  Pylon, Adept x2  
  52  4:35  Phoenix (Chrono Boost)  
  52  4:36  Probe  
  59  4:39  Probe  
  59  4:43  Adept  
  54  4:53  Probe  
  54  4:57  Probe, Phoenix (Chrono Boost)  
  55  5:03  Protoss Air Weapons Level 1  
  55  5:08  Probe  
  55  5:09  Probe  
  55  5:20  Probe (Chrono Boost)  
  56  5:21  Probe (Chrono Boost)  
  56  5:23  Twilight Council  
  56  5:27  Assimilator  
  57  5:31  Probe (Chrono Boost)  
  57  5:32  Probe (Chrono Boost)  
  57  5:35  Phoenix  
  61  5:42  Probe x2 (Chrono Boost)  
  63  5:52  Probe (Chrono Boost)  
  63  5:53  Gateway  
  63  5:54  Resonating Glaives (Chrono Boost)  
  64  5:57  Gateway  
  64  5:58  Gateway  
  64  6:01  Phoenix (Chrono Boost)  
  64  6:02  Probe (Chrono Boost), Adept  
  67  6:13  Probe  
  67  6:25  Phoenix (Chrono Boost)  
  67  6:26  Probe, Gateway  
  67  6:30  Pylon  
  68  6:35  Gateway  
  68  6:36  Adept x2  
  68  6:38  Adept  
  74  6:42  Pylon  
  76  6:47  Phoenix (Chrono Boost)  
  76  7:04  Adept x5  
  86  7:09  Pylon  
  86  7:13  Phoenix (Chrono Boost)  
  88  7:21  Pylon  
  88  7:23  Probe  
  88  7:29  Pylon  
  89  7:39  Nexus  
  89  7:41  Adept x3  
  89  7:44  Sentry  
  97  7:47  Phoenix (Chrono Boost)  
  97  7:50  Sentry x2  
  103  8:01  Adept x3  
  103  8:05  Pylon  
  109  8:07  Pylon  
  109  8:12  Gateway  
  109  8:16  Probe  
  109  8:17  Probe  
  108  8:27  Phoenix (Chrono Boost)  
  103  8:39  Adept x4  
  111  8:45  Adept  
  113  8:51  Phoenix (Chrono Boost)  
  113  8:54  Adept  
  117  9:06  Adept  
Tags
 
Add a new tag
Caveats
  • Supply blocks, unpowered buildings, or Contaminate may cause inaccurate times.
  • Supply counts are checked every 10 seconds.